 Dungeon Crawl Stone Soup version 0.25-a0-102-gbfa96ce22d (webtiles) character file.

Game seed: 7263545257157272825, levelgen mode: deterministic

14 vurker the Magician (level 2, 0/20 HPs)
             Began as a Mummy Fire Elementalist on Nov 15, 2019.
             Slain by a kobold
             ... wielding a +0 dagger
              (6 damage)
             ... on level 1 of the Dungeon.
             The game lasted 00:00:54 (386 turns).

vurker the Magician (Mummy Fire Elementalist)        Turns: 386, Time: 00:00:55

Health: 0/20       AC:  2    Str: 11    XL:     2   Next: 31%
Magic:  1/6        EV: 12    Int: 14    God:
Gold:   58         SH:  0    Dex: 12    Spells: 6/7 levels left

rFire    x . .     SeeInvis .   c - +0 dagger
rCold    + . .     Gourm    .   (no shield)
rNeg     + + +     Faith    .   a - +0 robe
rPois    ∞         Spirit   .   (no helmet)
rElec    .         Reflect  .   (no cloak)
rCorr    .         Harm     .   (no gloves)
MR       .....                  (no boots)
Stlth    ++........             (no amulet)
HPRegen  0.06/turn              (no ring)
MPRegen  0.10/turn              (no ring)

@: no status effects
A: no food or potions, fire vulnerability, cold resistance 1, negative energy
resistance 3, torment resistance, unbreathing
a: no special abilities


You were on level 1 of the Dungeon.
You were not hungry.

You visited 1 branch of the dungeon, and saw 1 of its levels.

You collected 58 gold pieces.

Inventory:

Hand Weapons
 c - a +0 dagger (weapon)
   (You took it off a kobold on level 1 of the Dungeon)
Armour
 a - a +0 robe (worn)
Scrolls
 b - a scroll of remove curse {unknown}


   Skills:
 + Level 0.4 Fighting
 - Level 1.5 Dodging
 - Level 1.5 Stealth
 * Level 3.0 Spellcasting
 * Level 1.1 Conjurations
 * Level 2.6 Fire Magic


You had 6 spell levels left.
You knew the following spells:

 Your Spells              Type           Power        Failure   Level  Hunger
a - Flame Tongue          Conj/Fire      #....        10%         1    N/A

Your spell library contained the following spells:

 Spells                   Type           Power        Failure   Level  Hunger
 Throw Flame              Conj/Fire      #.....       14%         2    N/A
 Conjure Flame            Conj/Fire      #.......     28%         3    N/A
 Inner Flame              Hex/Fire       #.......     36%         3    N/A
 Sticky Flame             Conj/Fire      #.......     67%         4    N/A
 Fireball                 Conj/Fire      #.........   95%         5    N/A

Dungeon Overview and Level Annotations

Branches:
Dungeon (1/15)

Altars:


Innate Abilities, Weirdness & Mutations

You do not eat or drink.
Your flesh is vulnerable to fire.
You are immune to poison.
Your flesh is cold resistant. (rC+)
You are immune to negative energy. (rN+++)
You are immune to unholy pain and torment.
You can survive without breathing.


Message History

The flame tongue hits the giant cockroach.
You kill the giant cockroach!
The hobgoblin hits you with a +0 club.
Aim: a hobgoblin, wielding a +0 club The flame tongue misses the hobgoblin.
The hobgoblin barely misses you.
Aim: a hobgoblin, wielding a +0 club The flame tongue hits the hobgoblin.
The hobgoblin hits you with a +0 club.
You don't have enough magic to cast that spell.
You don't have enough magic to cast that spell.
You closely miss the hobgoblin.
A kobold comes into view. It is wielding a +0 dagger.
The hobgoblin barely misses you.
You barely miss the hobgoblin. The hobgoblin hits you with a +0 club.
* * * LOW HITPOINT WARNING * * *
Unknown command.
The kobold hits you but does no damage.
Aim: a hobgoblin, wielding a +0 club (lightly wounded)
The flame tongue misses the hobgoblin.
The kobold barely misses you. The hobgoblin hits you with a +0 club.
* * * LOW HITPOINT WARNING * * *
The kobold hits you with a +0 dagger.
* * * LOW HITPOINT WARNING * * *
The kobold throws a stone.
The stone misses you.
You see here a stone.
Aim: a hobgoblin, wielding a +0 club (lightly wounded)
The flame tongue hits the hobgoblin.
Aim: a hobgoblin, wielding a +0 club (severely wounded)
The flame tongue hits the hobgoblin.
The hobgoblin barely misses you.
Aim: a hobgoblin, wielding a +0 club (almost dead)
The flame tongue hits the hobgoblin.
You kill the hobgoblin!
The kobold throws a stone.
The stone hits you but does no damage.
You don't have enough magic to cast that spell.
The kobold throws a stone.
The stone completely misses you.
The kobold throws a stone.
The stone barely misses you.
You see here a stone.
You see here 2 stones.
You see here 2 stones.
You see here a glowing silvery potion.
You start resting.
The kobold is too close now for your liking.
You don't have enough magic to cast that spell.
You are too injured to fight recklessly!
The kobold throws a stone.
The stone hits you but does no damage.
You see here 3 stones.
The kobold hits you but does no damage.
You see here 2 stones.
You hit the kobold but do no damage. The kobold hits you but does no damage.
You closely miss the kobold. The kobold hits you with a +0 dagger.
You die...

###...###### #. #.(....# #.
#.#..#.### #. ### #.#K##...# #.
#.####.####)#.####.# #.
#.......(.(.#.# #.#####.
######.#...##.####.#.....
##...#K................
#..#.#@#.#.#####....... #.
#(##.#(##.%### #....... #.
#.##.#.!##...# #....... #.#
###.##.######..# #.......
###.###....##.##..#..# #.......
#.....####...#.##.#..###.......
#.....# ###....#.#..##........
#.....### #####..#............
#.......##### ##.#....#.#####.


You could see a kobold.

Vanquished Creatures
  A dart slug (D:1)
  2 giant cockroaches (D:1)
  3 goblins (D:1)
  A hobgoblin (D:1)
  2 bats (D:1)
  2 kobolds (D:1)
  A rat (D:1)
12 creatures vanquished.

Notes
Turn   | Place    | Note
-------+----------+-------------------------------------------
     0 | D:1      | vurker the Mummy Fire Elementalist began the quest for the
                  | Orb.
     0 | D:1      | Reached XP level 1. HP: 13/13 MP: 4/4
   157 | D:1      | Reached skill level 1 in Conjurations
   226 | D:1      | Reached skill level 3 in Spellcasting
   226 | D:1      | Reached XP level 2. HP: 20/20 MP: 4/6
   386 | D:1      | Slain by a kobold

Levels and vault maps discovered:
D:1:      saegor_arrival_simple_c, layout_rooms, minmay_cut_off

Skill      XL: |  1 |
---------------+----+-----
Conjurations   | 1 |  1.1
Spellcasting   | 3 |  3.0
Fighting       | |  0.4
Dodging        | |  1.5
Stealth        | |  1.5
Fire Magic     | |  2.6

Action                   || total
-------------------------++-------
Melee: Dagger            ||     5
 Cast: Flame Tongue      ||    21
Armor: Robe              ||     5
Dodge: Dodged            ||    11

Table legend:
 A = Non-vault XP
 B = Vault XP
 C = Vault XP percentage of total XP
 D = Non-vault monster count
 E = Vault monster count
 F = Vault count percentage of total count
                 A         B        C        D         E       F
            +---------+---------+-------+---------+---------+-------
      Total |      17 |       4 |  19.0 |       9 |       3 |  25.0
            +---------+---------+-------+---------+---------+-------
        D:1 |      17 |       4 |  19.0 |       9 |       3 |  25.0
            +---------+---------+-------+---------+---------+-------
